 Dungeon Crawl Stone Soup version 0.30-b1-2-g02819fbbbe (webtiles) character file.

Game seed: 14524515935884345847

14851 Flugkiller the Protected (level 11, -3/104 HPs)
             Began as a Minotaur Fighter on May 8, 2023.
             Was the Champion of Cheibriados.
             Slain by a slime creature (6 damage)
             ... on level 12 of the Dungeon.
             The game lasted 00:07:07 (11132 turns).

Flugkiller the Protected (Minotaur Fighter)        Turns: 11132, Time: 00:07:08

Health: -3/104     AC: 22    Str: 39    XL:     11   Next: 94%
Magic:  8/14       EV: 12    Int: 20    God:    Cheibriados [******]
Gold:   761        SH: 13    Dex: 26    Spells: 10/10 levels left

rFire   + . .        w - +1 broad axe (freeze)
rCold   + . .        u - +0 kite shield
rNeg    . . .        v - +0 plate armour
rPois   .            (helmet restricted)
rElec   .            f - scarf {rC+ rF+}
rCorr   .            m - +1 pair of gloves
SInv    +            (no boots)
Will    .....        (no amulet) Stlth
                     i - ring of see invisible
HPRegen 0.37/turn    p - +4 ring of protection
MPRegen 0.14/turn

%: no passive effects
@: about to teleport, very slow
A: horns 2, retaliatory headbutt
a: Renounce Religion, Bend Time, Temporal Distortion, Slouch, Step From Time


You were on level 12 of the Dungeon.
You worshipped Cheibriados.
Cheibriados was exalted by your worship.
You visited 1 branch of the dungeon, and saw 12 of its levels.

You collected 873 gold pieces.
You spent 112 gold pieces at shops.

Inventory:

Hand Weapons
 b - a +3 spear of distortion
   (You took it off a gnoll sergeant on level 6 of the Dungeon)
 w - a +1 broad axe of freezing (weapon)
   (You took it off an orc warrior on level 9 of the Dungeon)
Missiles
 o - 6 throwing nets (quivered)
Armour
 f - a scarf of resistance (worn)
   (You found it on level 4 of the Dungeon)
 m - a +1 pair of gloves (worn)
   (You found it on level 11 of the Dungeon)
 u - a +0 kite shield (worn)
   (You found it on level 3 of the Dungeon)
 v - a +0 plate armour (worn)
   (You found it on level 7 of the Dungeon)
Jewellery
 a - a ring of fire
   (You found it on level 11 of the Dungeon)
 i - a ring of see invisible (left hand)
   (You found it on level 2 of the Dungeon)
 p - a +4 ring of protection (right hand)
   (You found it on level 8 of the Dungeon)
 s - an amulet of guardian spirit
   (You found it on level 7 of the Dungeon)
Wands
 j - a wand of iceblast (14)
   (You found it on level 5 of the Dungeon)
 B - a wand of mindburst (8)
   (You found it on level 8 of the Dungeon)
 C - a wand of paralysis (7)
   (You found it on level 9 of the Dungeon)
Scrolls
 e - a scroll of fear
 g - a scroll of enchant weapon
 h - a scroll of brand weapon
 l - a scroll of fog
 r - 2 scrolls of identify
 t - a scroll of teleportation
 x - 2 scrolls of silence
 A - a scroll of summoning
Potions
 c - 2 potions of mutation
 d - 2 potions of might
 k - 5 potions of lignification
 n - a potion of resistance
 y - a potion of cancellation
 D - a potion of attraction {unknown}


   Skills:
 * Level 12.0 Fighting
 * Level 11.7 Axes
 * Level 12.0 Armour
 + Level 4.7 Dodging
 + Level 8.8 Shields
 + Level 6.4 Invocations


You had 10 spell levels left.
You didn't know any spells.
Your spell library was empty.

Dungeon Overview and Level Annotations

Branches:
Dungeon (12/15)            Temple (0/1) D:6            Lair (0/5) D:9
    Orc (0/2) D:9

Altars:
Ashenzari
Cheibriados
Fedhas
Gozag
Kikubaaqudgha
Trog
Uskayaw

Shops:
D:1 ?   D:2 !   D:7 =

Annotations:
D:3 1 runed translucent door, diceflayer's ghost, amateur DsHu
D:5 1 exclusion
D:7 2 transporters, NitroKuite's ghost, novice MiBe
D:9 3 runed translucent doors, exclusion: obsidian statue, Flugkiller's ghost, novice MiFi


Innate Abilities, Weirdness & Mutations

You have a pair of horns on your head.
You reflexively headbutt those who attack you in melee.


Message History

You slash the large slime creature! You freeze the large slime creature.
You headbutt the large slime creature!
The large slime creature is moderately wounded.
You hit the orc. You freeze the orc. The orc barely misses you.
You furiously retaliate!
You headbutt the orc!!
You kill the orc!
Cheibriados appreciates the change of pace.
You slice the large slime creature!! You freeze the large slime creature.
You headbutt the large slime creature!
The large slime creature is heavily wounded.
Two slime creatures merge to form a very large slime creature.
Two slime creatures merge to form an enormous slime creature.
You hit the enormous slime creature. You freeze the enormous slime creature.
The enormous slime creature is moderately wounded.
An enormous slime creature splits.
Two slime creatures merge to form a very large slime creature.
A slime creature comes into view.
You completely miss the large slime creature.
The large slime creature is moderately wounded.
The slime creature quivers.
You slice the very large slime creature!!
You freeze the very large slime creature.
The large slime creature hits you!
You slash the very large slime creature!
You freeze the very large slime creature.
The very large slime creature is heavily wounded.
You hit the large slime creature. You freeze the large slime creature.
You block the very large slime creature's attack.
You block the large slime creature's attack.
You carve the very large slime creature like a ham!!!
You freeze the very large slime creature.
You headbutt the very large slime creature.
The very large slime creature is severely wounded.
You slash the large slime creature! You freeze the large slime creature.
The very large slime creature hits you!!
You block the large slime creature's attack.
You slice the very large slime creature!!
You freeze the very large slime creature!
The very large slime creature is almost dead.
You slash the large slime creature! You freeze the large slime creature.
The very large slime creature misses you.
You block the large slime creature's attack.
You hit the very large slime creature.
You freeze the very large slime creature.
You headbutt the very large slime creature!
The very large slime creature is almost dead.
You barely miss the large slime creature.
You block the very large slime creature's attack.
The large slime creature hits you!
The very large slime creature hits you!!
* * * LOW HITPOINT WARNING * * *
Two slime creatures merge to form an enormous slime creature.
You are too injured to fight recklessly!
You are too injured to fight recklessly!
Unknown command.
Okay, then.
Okay, then.
You warp the flow of time around you!
Unknown command.
The titanic slime creature quivers.
The slime creature quivers.
The slime creature hits you.
* * * LOW HITPOINT WARNING * * *
The slime creature hits you!
* * * LOW HITPOINT WARNING * * *
The slime creature hits you!
* * * LOW HITPOINT WARNING * * *
Okay, then.
Okay, then.
You warp the flow of time around you!
Blink to where?
Press: ? - help, Dir - move target
As you read the scroll of blinking, it crumbles to dust.
The slime creature quivers.
As you read the scroll of teleportation, it crumbles to dust.
You feel strangely unstable.
The large slime creature quivers.
Your surroundings seem slightly different.
The very large slime creature quivers.
You block the slime creature's attack.
Unknown command.
As you read the scroll of teleportation, it crumbles to dust.
You feel strangely unstable.
A large slime creature splits.
The slime creature closely misses you. You furiously retaliate!
You headbutt the slime creature!
You feel better.
The slime creature hits you but does no damage. x2
You block the slime creature's attack.
You feel better. The slime creature hits you!
* * * LOW HITPOINT WARNING * * *
The slime creature closely misses you.
The slime creature hits you but does no damage.
You feel better.
A very large slime creature splits.
The slime creature hits you!
* * * LOW HITPOINT WARNING * * *
The slime creature misses you.
The slime creature hits you but does no damage.
Unknown command.
The slime creature attacks as you move away!
The slime creature hits you.
You die...

......... ####.#).# #....!).#
#.##.##.# #.##.##.## .##
####.#..##..####....
####...................
.......JJ..............
#.....@J.............. +
#.#...JJ..............
#.#.#...................
#.......................
#.....................
#.#..........?........ #
#.#.................... #.
#.....}................
.#.########......................


You could see a large slime creature and 4 slime creatures.

Vanquished Creatures
  Harold (D:9)
  A boulder beetle (D:11)
  3 two-headed ogres
  Pikel (D:7)
  A cyclops (D:11)
  2 ugly things
  3 slime creatures (D:8)
  A gargoyle (D:11)
  2 unseen horrors
  2 kobold demonologists (D:11)
  The ghost of adept the Ruffian, an amateur TrFi (D:4)
  3 trolls
  A hornet (D:10)
  A vampire (D:12)
  A shadow (D:9)
  Sigmund (D:7)
  A wraith (D:11)
  4 yaks
  A wyvern (D:9)
  5 vampire mosquitoes
  A two-headed ogre zombie (D:9)
  Edmund (D:7)
  3 sky beasts
  9 orc warriors
  5 black bears
  2 ice beasts
  2 lemures (D:7)
  2 phantoms
  4 centaurs
  3 kobold brigands
  3 bullfrogs
  A gnoll sergeant (D:6)
  A scorpion (D:5)
  A wight (D:6)
  2 troll zombies (D:9)
  8 killer bees
  2 electric eels (D:9)
  4 howler monkeys
  2 gnoll boudas
  2 jellies (D:6)
  A bullfrog zombie (D:5)
  5 orc priests
  10 hounds
  2 sleepcaps
  Ijyb (D:3)
  5 iguanas
  7 orc wizards
  5 ogre zombies (D:9)
  A mummy (D:5)
  A hound zombie (D:5)
  27 gnolls
  6 adders
  A white imp (D:7)
  An ufetubus (D:6)
  3 worms
  5 dart slugs
  44 orcs
  3 ball pythons
  6 bats
  5 endoplasms
  4 giant cockroaches
  5 goblins
  7 hobgoblins
  8 jackals
  4 quokkas
  A frilled lizard (D:1)
  2 goblin zombies (D:9)
  A hobgoblin skeleton (D:9)
  3 hobgoblin zombies (D:9)
  47 kobolds
  4 orc skeletons (D:9)
  14 orc zombies (D:9)
  5 rats (D:1)
338 creatures vanquished.

Notes
Turn   | Place    | Note
-------+----------+-------------------------------------------
     0 | D:1      | Flugkiller the Minotaur Fighter began the quest for the
                  | Orb.
     0 | D:1      | Reached XP level 1. HP: 19/19 MP: 0/0
    10 | D:1      | Found Huusum's Magic Scroll Boutique.
   116 | D:1      | Reached XP level 2. HP: 26/27 MP: 1/1
   599 | D:2      | Reached XP level 3. HP: 33/33 MP: 2/2
   839 | D:2      | Found Locwuc's Distillery.
   848 | D:2      | Bought a potion of heal wounds for 70 gold pieces
   848 | D:2      | Bought a potion of curing for 42 gold pieces
   919 | D:2      | Found a snail-covered altar of Cheibriados.
   946 | D:2      | Became a worshipper of Cheibriados the Contemplative
   980 | D:2      | Reached XP level 4. HP: 26/41 MP: 3/3
  1370 | D:3      | Noticed Ijyb
  1380 | D:3      | Killed Ijyb
  1718 | D:3      | Found a runed translucent door.
  1718 | D:3      | Noticed diceflayer's ghost (amateur DsHu)
  1763 | D:3      | You fall into a shaft and drop 1 floor!
  1842 | D:4      | Noticed a phantom
  1859 | D:4      | Killed a phantom
  1860 | D:4      | Reached skill level 5 in Armour
  1860 | D:4      | Reached skill level 1 in Invocations
  1860 | D:4      | Reached XP level 5. HP: 18/47 MP: 4/4
  1862 | D:4      | Reached * piety under Cheibriados
  1863 | D:4      | Reached skill level 5 in Fighting
  1867 | D:4      | Reached XP level 6. HP: 23/56 MP: 5/5
  2366 | D:4      | Found a blossoming altar of Fedhas.
  2421 | D:4      | Found a runed translucent gate.
  2421 | D:4      | Found a runed translucent gate.
  2423 | D:4      | Found a runed translucent gate.
  2424 | D:4      | Noticed adept's ghost (amateur TrFi)
  2425 | D:4      | Identified the +0 scale mail "Paowala" {Str+8 Dex-2 Slay+2}
  2426 | D:4      | Noticed an orc warrior
  2795 | D:5      | Entered Level 5 of the Dungeon
  2826 | D:4      | Killed an orc warrior
  2827 | D:4      | Reached skill level 5 in Axes
  2827 | D:4      | Reached XP level 7. HP: 60/62 MP: 7/7
  2834 | D:4      | Killed adept's ghost
  2835 | D:4      | Reached skill level 5 in Shields
  3002 | D:5      | Found a hide-covered altar of Uskayaw.
  3025 | D:5      | Reached XP level 8. HP: 51/71 MP: 8/8
  3036 | D:5      | Reached ** piety under Cheibriados
  3717 | D:5      | Reached *** piety under Cheibriados
  3895 | D:5      | Reached **** piety under Cheibriados
  4316 | D:6      | Reached XP level 9. HP: 47/81 MP: 10/10
  4577 | D:6      | Found a broken altar of Ashenzari.
  4610 | D:6      | Found an ancient bone altar of Kikubaaqudgha.
  4855 | D:6      | Found a staircase to the Ecumenical Temple.
  5497 | D:7      | Noticed Sigmund
  5501 | D:7      | Killed Sigmund
  5512 | D:7      | Noticed Edmund
  5520 | D:7      | Killed Edmund
  5644 | D:7      | Noticed Pikel
  5655 | D:7      | Killed Pikel
  5790 | D:7      | Noticed NitroKuite's ghost (novice MiBe)
  5792 | D:7      | Found a transporter.
  5797 | D:7      | Found a bloodstained altar of Trog.
  5798 | D:7      | Noticed a moth of wrath
  5825 | D:7      | Found Wuim's Jewellery Boutique.
  5943 | D:7      | Found a transporter.
  6281 | D:8      | Reached ***** piety under Cheibriados
  6514 | D:8      | Killed a large slime creature
  6515 | D:8      | Reached XP level 10. HP: 77/91 MP: 12/12
  6568 | D:8      | Reached skill level 1 in Dodging
  6907 | D:8      | Reached skill level 10 in Armour
  7712 | D:9      | Reached skill level 10 in Fighting
  7717 | D:9      | Reached skill level 5 in Invocations
  8003 | D:9      | Found a staircase to the Lair.
  8020 | D:9      | Reached skill level 10 in Axes
  8224 | D:9      | Found the +18 Lear's hauberk
  8357 | D:9      | Found a staircase to the Orcish Mines.
  8538 | D:9      | Noticed Harold
  8556 | D:9      | Killed Harold
  8904 | D:9      | Reached ****** piety under Cheibriados
  8953 | D:9      | Reached XP level 11. HP: 91/101 MP: 14/14
  9003 | D:9      | Found a runed translucent gate.
  9005 | D:9      | Found a runed translucent gate.
  9005 | D:9      | Found a runed translucent gate.
  9006 | D:9      | Found an opulent altar of Gozag.
  9007 | D:9      | Noticed an obsidian statue
  9007 | D:9      | Noticed Flugkiller's ghost (novice MiFi)
  9548 | D:10     | Entered Level 10 of the Dungeon
  9652 | D:10     | Noticed a two-headed ogre
  9653 | D:10     | Noticed a two-headed ogre
  9657 | D:10     | Killed a two-headed ogre
  9659 | D:10     | Killed a two-headed ogre
  9939 | D:10     | Noticed a cyan ugly thing
  9956 | D:10     | Killed a cyan ugly thing
 10287 | D:11     | Noticed a boulder beetle
 10298 | D:11     | Killed a boulder beetle
 10431 | D:11     | Noticed a purple ugly thing
 10437 | D:11     | Killed a purple ugly thing
 10510 | D:11     | Noticed a two-headed ogre
 10515 | D:11     | Killed a two-headed ogre
 11124 | D:12     | HP: 3/104 [slime creature (8)]
 11131 | D:12     | HP: 3/104 [slime creature (15)]
 11132 | D:12     | Slain by a slime creature

Illustrated notes

Levels and vault maps discovered:
D:1:      erik_arrival_blinker_ship, layout_loops_ring, serial_shops, shop,
          chequers_serial_rivers_micro_c, minmay_misc_feat_rows,
          minmay_misc_feat_tower, corexii_item_surrounded_by_moat
D:2:      layout_loops_cross, serial_shops, nicolae_shop_statue_plus,
          basic_altar, reono_crystal_passage
D:3:      layout_rooms, nicolae_wu_jian_glorious_leap, gammafunk_ghost_grave,
          hex_tiny, uniq_ijyb
D:4:      layout_cave_pools, fedhas_altar_fruit_tree, biasface_ghost_orc_armoury
D:5:      minmay_goblin_kobold_castle, layout_rooms, old_standard_altar,
          lemuel_mausoleum_altar_yredelemnul
D:6:      minmay_diamond_boxcup, layout_basic,
          mainiacjoe_overflow_catch_the_wave, minmay_temple_entry_sparse_star
D:7:      layout_basic, serial_shops, nicolae_shop_tiny_glass,
          gammafunk_ghost_wrathful_warriors, grunt_decor_mini_mirrors,
          sigmund_edmund_badplayer, uniq_pikel
D:8:      layout_layer_cave, st_stairs_8
D:9:      layout_loops_ring, erik_lair_island, zombieorc2_lemuel,
          ebering_ghost_gozag, special_room [special_room_orc], library_closet,
          hangedman_decor_opposing, uniq_harold
D:10:     layout_rooms, fountainhead, hex_intersection, minmay_circle_x
D:11:     layout_basic
D:12:     layout_basic, enter_trove_2, wad_floor_pattern_2

Skill      XL: |  1  2  3  4  5  6  7  8  9 10 11 |
---------------+----------------------------------+-----
Armour         | 4 5 6 8 9 10 12 | 12.0
Fighting       | 4 5 6 7 9 10 12 | 12.0
Axes           | 3 4 5 6 7 9 10 11 | 11.7
Shields        | 4 5 6 7 8 |  8.8
Invocations    | 1 2 3 4 5 6 |  6.4
Dodging        | 3 4 |  4.7

Action                     |  1- 3 |  4- 6 |  7- 9 | 10-12 || total
---------------------------+-------+-------+-------+-------++-------
  Melee: War axe           |    70 |   102 |   237 |   145 ||   554
         Headbutt          |     6 |    23 |    52 |    62 ||   143
         Broad axe         |       |       |       |   126 ||   126
 Invoke: Temporal Distorti |       |       |       |     2 ||     2
         Slouch            |       |       |       |     1 ||     1
  Evoke: Wand              |       |       |     3 |     7 ||    10
    Use: Potion            |       |     6 |     6 |     4 ||    16
         Scroll            |       |       |    13 |    10 ||    23
 Armour: Scale mail        |    39 |    45 |    79 |    42 ||   205
         Skin              |       |     5 |    29 |       ||    34
         Plate armour      |       |       |       |    57 ||    57
  Dodge: Dodged            |    36 |    55 |   122 |   122 ||   335
  Block: Buckler           |    24 |    29 |    86 |    68 ||   207
         Kite shield       |       |       |       |    71 ||    71
